ESL (28 & UNDER)
READING RAINBOWS @ PENQUANNOCK OVERRATED JETER
04/29/2028
 
TOP OF THE 1ST
Reading Rainbows batting - Pitching for Penquannock Overrated Jeter : RHP David Padilla
Pitching: RHP David Padilla
Batting: RHB Von Ford 0-0: Called Strike
0-1: Foul Ball, location: 2F
0-2: Ball
1-2: Strikes out swinging
Batting: LHB Richard Henry 0-0: Swinging Strike
0-1: Swinging Strike
0-2: Strikes out swinging
Batting: RHB Richard Case 0-0: Called Strike
0-1: Called Strike
0-2: Ground out 5-3 (Groundball, 56)
Top of the 1st over - 0 run(s), 0 hit(s), 0 error(s), 0 left on base; Reading 0 - Penquannock 0
BOTTOM OF THE 1ST
Penquannock Overrated Jeter batting - Pitching for Reading Rainbows : RHP Cory Powell
Pitching: RHP Cory Powell
Batting: RHB Aaron Holt 0-0: SINGLE (Line Drive, 6M)
Batting: RHB Phil Wright 0-0: Called Strike
Aaron Holt is caught stealing 2nd base
0-1: Ball
1-1: SINGLE (Line Drive, 89S)
Batting: RHB Bernardo Enríquez 0-0: Foul Ball, location: 2F
0-1: Ball
1-1: Ball
2-1: SINGLE (Flyball, 8RS)
Phil Wright to second
Runner from 2nd tries for 3rd, SAFE, no throw
Batting: RHB Armando Pagán 0-0: Fly out, F8 (Line Drive, 8LXD)
Runner from 3rd tags up, SCORES, no throw
Batting: LHB Pete Weber 0-0: Called Strike
0-1: Called Strike
0-2: 2-RUN HOME RUN (Flyball, 89XD), Distance : 419 ft
Batting: LHB Tony Green 0-0: Ball
1-0: Called Strike
1-1: Foul Ball, location: 2F
1-2: Ball
2-2: Ball
3-2: Foul Ball, location: 2F
3-2: Base on Balls
Batting: RHB José Velásquez 0-0: Fielders Choice at 2nd, 5-4 (Groundball, 56)
Bottom of the 1st over - 3 run(s), 4 hit(s), 0 error(s), 0 left on base; Reading 0 - Penquannock 3
TOP OF THE 2ND
Reading Rainbows batting - Pitching for Penquannock Overrated Jeter : RHP David Padilla
Batting: LHB Víctor Peña 0-0: Ground out 3-1 (Groundball, 34)
Batting: RHB Ethan Moore 0-0: Ball
1-0: Foul Ball, location: 2F
1-1: Ball
2-1: Ball
3-1: Base on Balls
Batting: LHB Shane Lynch 0-0: SINGLE (Line Drive, 3)
Ethan Moore to second
Batting: RHB Juan Magdayao 0-0: Foul Ball, location: 2F
0-1: Ball
1-1: Grounds into double play, 5-4-3 (Groundball, 5)
Top of the 2nd over - 0 run(s), 1 hit(s), 0 error(s), 1 left on base; Reading 0 - Penquannock 3
BOTTOM OF THE 2ND
Penquannock Overrated Jeter batting - Pitching for Reading Rainbows : RHP Cory Powell
Batting: RHB Barton Frazier 0-0: Called Strike
0-1: Ball
1-1: SINGLE (Line Drive, 78S)
Batting: RHB Manny Perea 0-0: Called Strike
0-1: Foul Ball, location: 2F
0-2: Foul Ball, location: 2F
0-2: Ball
1-2: Ball
2-2: Ball
3-2: Fly out, F8 (Line Drive, 8RM)
Batting: RHB Aaron Holt 0-0: Ball
1-0: Hit by Pitch
Barton Frazier to second
Batting: RHB Phil Wright 0-0: Foul Ball, location: 2F
0-1: Called Strike
0-2: Ball
1-2: Ball
2-2: Ball
3-2: Base on Balls
Barton Frazier to third
Aaron Holt to second
Batting: RHB Bernardo Enríquez 0-0: Ball
1-0: Fly out, F9 (Flyball, 9LS)
Batting: RHB Armando Pagán 0-0: Foul Ball, location: 2F
0-1: DOUBLE (Flyball, 89D)
Barton Frazier scores
Aaron Holt scores
Phil Wright to third
Batting: LHB Pete Weber 0-0: Ball
1-0: Swinging Strike
1-1: Ball
2-1: Ball
3-1: Ground out U3 (Groundball, 3)
Bottom of the 2nd over - 2 run(s), 2 hit(s), 0 error(s), 2 left on base; Reading 0 - Penquannock 5
TOP OF THE 3RD
Reading Rainbows batting - Pitching for Penquannock Overrated Jeter : RHP David Padilla
Batting: SHB Dan Chandler 0-0: Ball
1-0: Foul Ball, location: 2F
1-1: Ball
2-1: Foul Ball, location: 2F
2-2: SINGLE (Groundball, 34D)
Batting: SHB Johnny Jackson 0-0: Ball
1-0: Ball
2-0: Ball
3-0: Base on Balls
Dan Chandler to second
Batting: RHB Von Ford 0-0: Reached on error, E7 (Flyball, 7D)
Dan Chandler scores
Johnny Jackson to third
Batting: LHB Richard Henry 0-0: Called Strike
0-1: Swinging Strike
0-2: SINGLE (Line Drive, 6M)
Johnny Jackson scores
Von Ford to third
Runner from 3rd tries for Home, SAFE, no throw
Batting: RHB Richard Case 0-0: Called Strike
0-1: Ball
1-1: Fly out, F8 (Flyball, 8LS)
Batting: LHB Víctor Peña 0-0: Called Strike
0-1: Called Strike
0-2: SINGLE (Flyball, 8LS)
Richard Henry to second
Runner from 2nd tries for 3rd, SAFE, no throw
Batting: RHB Ethan Moore 0-0: Ball
1-0: Ball
2-0: Ball
3-0: Base on Balls
Víctor Peña to second
Batting: LHB Shane Lynch 0-0: Foul Ball, location: 2F
0-1: Ball
1-1: Swinging Strike
1-2: Ball
2-2: SINGLE (Groundball, 6MD)
Richard Henry scores
Víctor Peña to third
Ethan Moore to second
Runner from 3rd tries for Home, SAFE, no throw
Batting: RHB Juan Magdayao 0-0: Ball
1-0: Ball
2-0: Ball
3-0: Base on Balls
Ethan Moore to third
Shane Lynch to second
Batting: SHB Dan Chandler 0-0: Called Strike
0-1: Ball
1-1: Ball
2-1: Foul Ball, location: 2F
2-2: Ball
3-2: Base on Balls
Ethan Moore scores
Shane Lynch to third
Juan Magdayao to second
Batting: SHB Johnny Jackson 0-0: Swinging Strike
0-1: Swinging Strike
0-2: Ball
1-2: Ball
2-2: Strikes out swinging
Batting: RHB Von Ford 0-0: SINGLE (Line Drive, 9S)
Shane Lynch scores
Juan Magdayao to third
Dan Chandler to second
Pitching: RHP Carl Thomas
Batting: LHB Richard Henry 0-0: Ball
1-0: Ball
2-0: Called Strike
2-1: Ball
3-1: Base on Balls
Juan Magdayao scores
Dan Chandler to third
Von Ford to second
Batting: RHB Richard Case 0-0: Called Strike
0-1: Ball
1-1: SINGLE (Groundball, 34D)
Dan Chandler scores
Von Ford to third
Richard Henry to second
Runner from 3rd tries for Home, SAFE, no throw
Batting: LHB Víctor Peña 0-0: Foul Ball, location: 2F
0-1: Ball
1-1: Called Strike
1-2: SINGLE (Line Drive, 8RS)
Richard Henry to third
Richard Case to second
Runner from 3rd tries for Home, SAFE, no throw
Batting: RHB Ethan Moore 0-0: Ball
1-0: Ball
2-0: Ball
3-0: Called Strike
3-1: SINGLE (Line Drive, 34)
Richard Case to third
Víctor Peña to second
Runner from 3rd tries for Home, SAFE, throw made at trailing runner, OUT at third!
Top of the 3rd over - 12 run(s), 8 hit(s), 1 error(s), 1 left on base; Reading 12 - Penquannock 5
BOTTOM OF THE 3RD
Penquannock Overrated Jeter batting - Pitching for Reading Rainbows : RHP Cory Powell
Batting: LHB Tony Green 0-0: Ball
1-0: Called Strike
1-1: Ball
2-1: Called Strike
2-2: Foul Ball, location: 2F
2-2: Foul Ball, location: 2F
2-2: Fly out, F8 (Flyball, 8LD)
Pitching: RHP Jason MacKnight
Batting: RHB José Velásquez 0-0: Ball
1-0: Ball
2-0: Called Strike
2-1: Fly out, F8 (Flyball, 8LS)
Batting: RHB Barton Frazier 0-0: Fly out, F7 (Flyball, 7)
Bottom of the 3rd over - 0 run(s), 0 hit(s), 0 error(s), 0 left on base; Reading 12 - Penquannock 5
TOP OF THE 4TH
Reading Rainbows batting - Pitching for Penquannock Overrated Jeter : RHP Carl Thomas
Batting: LHB Shane Lynch 0-0: Ball
1-0: Ball
2-0: Ground out 6-3 (Groundball, 6)
Batting: RHB Juan Magdayao 0-0: Ball
1-0: SINGLE (Flyball, 7LM)
Batting: SHB Dan Chandler 0-0: Ball
1-0: Called Strike
1-1: Ball
2-1: Called Strike
2-2: Ball
3-2: DOUBLE (Flyball, 9LM)
Juan Magdayao to third
Runner from 3rd tries for Home, SAFE, no throw
Pitching: RHP John Kelly
Batting: SHB Johnny Jackson 0-0: Ground out 4-3 (Groundball, 4)
Dan Chandler to third
Batting: RHB Von Ford 0-0: Ground out 4-3 (Groundball, 4)
Top of the 4th over - 1 run(s), 2 hit(s), 0 error(s), 1 left on base; Reading 13 - Penquannock 5
BOTTOM OF THE 4TH
Penquannock Overrated Jeter batting - Pitching for Reading Rainbows : RHP Jason MacKnight
Batting: RHB Manny Perea 0-0: Called Strike
0-1: Foul Ball, location: 2F
0-2: Ball
1-2: SINGLE (Line Drive, 34D)
Batting: RHB Aaron Holt 0-0: Ball
1-0: Ball
2-0: Ball
3-0: Called Strike
3-1: Base on Balls
Manny Perea to second
Batting: RHB Phil Wright 0-0: Called Strike
0-1: Ball
1-1: Ball
2-1: Ground out 5-3 (Groundball, 56S)
Manny Perea to third
Aaron Holt to second
Batting: RHB Bernardo Enríquez 0-0: Ball
1-0: Called Strike
1-1: Foul Ball, location: 2F
1-2: Ball
2-2: Ball
3-2: Ground out 4-3 (Groundball, 4)
Manny Perea scores
Aaron Holt to third
Batting: RHB Armando Pagán 0-0: Foul Ball, location: 2F
0-1: Foul Ball, location: 2F
0-2: Fly out, F8 (Flyball, 8RS)
Bottom of the 4th over - 1 run(s), 1 hit(s), 0 error(s), 1 left on base; Reading 13 - Penquannock 6
TOP OF THE 5TH
Reading Rainbows batting - Pitching for Penquannock Overrated Jeter : RHP John Kelly
Batting: LHB Richard Henry 0-0: Ground out U3 (Groundball, 34)
Batting: RHB Richard Case 0-0: Ball
1-0: Fly out, F8 (Flyball, 8LD)
Batting: LHB Víctor Peña 0-0: Called Strike
0-1: Ball
1-1: Ball
2-1: Ball
3-1: Base on Balls
Batting: RHB Ethan Moore 0-0: Foul Ball, location: 2F
0-1: Called Strike
0-2: Ball
1-2: SINGLE (Groundball, 34D)
Víctor Peña to second
Runner from 2nd tries for 3rd, SAFE, no throw
Batting: LHB Shane Lynch 0-0: Called Strike
0-1: Called Strike
0-2: Foul Ball, location: 2F
0-2: Ball
1-2: Reached on error, E4 (Groundball, 4)
Víctor Peña scores
Ethan Moore to second
Batting: RHB Juan Magdayao 0-0: Foul Ball, location: 2F
0-1: Foul Ball, location: 2F
0-2: Ball
1-2: Ball
2-2: Strikes out swinging
Top of the 5th over - 1 run(s), 1 hit(s), 1 error(s), 2 left on base; Reading 14 - Penquannock 6
BOTTOM OF THE 5TH
Penquannock Overrated Jeter batting - Pitching for Reading Rainbows : RHP Jason MacKnight
Batting: LHB Pete Weber 0-0: Ground out 4-3 (Groundball, 4)
Batting: LHB Tony Green 0-0: SINGLE (Line Drive, 4MD)
Batting: RHB José Velásquez 0-0: Grounds into double play, 6-4-3 (Groundball, 6)
Bottom of the 5th over - 0 run(s), 1 hit(s), 0 error(s), 0 left on base; Reading 14 - Penquannock 6
TOP OF THE 6TH
Reading Rainbows batting - Pitching for Penquannock Overrated Jeter : RHP John Kelly
Batting: SHB Dan Chandler 0-0: SINGLE (Groundball, 34D)
Batting: SHB Johnny Jackson 0-0: Called Strike
0-1: Foul Ball, location: 2F
0-2: Ball
1-2: SINGLE (Groundball, 6D)
Dan Chandler to second
Dan Chandler to third
Batting: RHB Von Ford 0-0: Called Strike
0-1: Foul Ball, location: 2F
0-2: Ball
1-2: Fielders Choice at 2nd, 6-4 (Groundball, 6)
Dan Chandler scores
Batting: LHB Richard Henry 0-0: Ball
1-0: Ball
2-0: Called Strike
2-1: Swinging Strike
2-2: Foul Ball, location: 2F
2-2: Fly out, F8 (Flyball, 8LS)
Batting: RHB Richard Case 0-0: Called Strike
Von Ford steals 2nd base
0-1: Ball
Von Ford steals 3rd base
1-1: Fly out, F3 (Line Drive, 34)
Top of the 6th over - 1 run(s), 2 hit(s), 0 error(s), 1 left on base; Reading 15 - Penquannock 6
BOTTOM OF THE 6TH
Penquannock Overrated Jeter batting - Pitching for Reading Rainbows : RHP Jason MacKnight
Batting: RHB Barton Frazier 0-0: Called Strike
0-1: SINGLE (Groundball, 56D)
Batting: RHB Manny Perea 0-0: Foul Ball, location: 2F
0-1: Foul Ball, location: 2F
0-2: Ball
1-2: Ball
2-2: Strikes out looking
Batting: RHB Aaron Holt 0-0: Ball
1-0: Swinging Strike
1-1: Ball
2-1: Ball
3-1: Called Strike
3-2: Fly out, F9 (Flyball, 9LS)
Batting: RHB Phil Wright 0-0: Ball
1-0: Ball
Barton Frazier is caught stealing 2nd base
Bottom of the 6th over - 0 run(s), 1 hit(s), 0 error(s), 0 left on base; Reading 15 - Penquannock 6
TOP OF THE 7TH
Reading Rainbows batting - Pitching for Penquannock Overrated Jeter : RHP John Kelly
Batting: LHB Víctor Peña 0-0: Ball
1-0: Foul Ball, location: 2F
1-1: Called Strike
1-2: Hit by Pitch
Batting: RHB Ethan Moore 0-0: Ball
1-0: Foul Ball, location: 2F
1-1: Foul Ball, location: 2F
1-2: Foul Ball, location: 2F
1-2: SINGLE (Groundball, 56D)
Víctor Peña to second
Batting: LHB Shane Lynch 0-0: Called Strike
0-1: Fielders Choice at 2nd, 3-6 (Groundball, 34)
Víctor Peña to third
Pitching: RHP Leonard Christensen
Batting: RHB Juan Magdayao 0-0: Called Strike
0-1: Foul Ball, location: 2F
0-2: Ball
1-2: Ball
2-2: Strikes out swinging
Batting: SHB Dan Chandler 0-0: Foul Ball, location: 2F
0-1: Ball
1-1: Ball
2-1: Ball
3-1: Foul Ball, location: 2F
3-2: DOUBLE (Groundball, 3L)
Víctor Peña scores
Shane Lynch to third
Shane Lynch scores
Batting: SHB Johnny Jackson 0-0: DOUBLE (Line Drive, 89M)
Dan Chandler scores
Batting: RHB Von Ford 0-0: Foul Ball, location: 2F
0-1: Ball
1-1: Foul Ball, location: 2F
1-2: Ball
2-2: Strikes out swinging
Top of the 7th over - 3 run(s), 3 hit(s), 0 error(s), 1 left on base; Reading 18 - Penquannock 6
BOTTOM OF THE 7TH
Penquannock Overrated Jeter batting - Pitching for Reading Rainbows : RHP Jason MacKnight
Pitching: LHP Pedro Rosado
Batting: RHB Phil Wright 0-0: Ball
1-0: Fly out, F7 (Line Drive, 7)
Batting: RHB Bernardo Enríquez 0-0: Fly out, F9 (Flyball, 89XD)
Batting: RHB Armando Pagán 0-0: Foul Ball, location: 2F
0-1: Foul Ball, location: 2F
0-2: Ball
1-2: Ball
2-2: Ground out 5-3 (Groundball, 56)
Bottom of the 7th over - 0 run(s), 0 hit(s), 0 error(s), 0 left on base; Reading 18 - Penquannock 6
TOP OF THE 8TH
Reading Rainbows batting - Pitching for Penquannock Overrated Jeter : RHP Leonard Christensen
Batting: LHB Richard Henry 0-0: Called Strike
0-1: Called Strike
0-2: Strikes out swinging
Batting: RHB Richard Case 0-0: Ground out 4-3 (Groundball, 4)
Pinch Hitting: LHB António Salazar 0-0: Ball
1-0: Ball
2-0: Called Strike
2-1: Ball
3-1: Foul Ball, location: 2F
3-2: Strikes out looking
Top of the 8th over - 0 run(s), 0 hit(s), 0 error(s), 0 left on base; Reading 18 - Penquannock 6
BOTTOM OF THE 8TH
Penquannock Overrated Jeter batting - Pitching for Reading Rainbows : LHP Pedro Rosado
Now in RF: António Salazar
Batting: LHB Pete Weber 0-0: Ball
1-0: Foul Ball, location: 2F
1-1: Swinging Strike
1-2: Fly out, F9 (Flyball, 9S)
Batting: LHB Tony Green 0-0: Called Strike
0-1: Ball
1-1: Fly out, F9 (Flyball, 89M)
Batting: RHB José Velásquez 0-0: Fly out, F8 (Flyball, 8LM)
Bottom of the 8th over - 0 run(s), 0 hit(s), 0 error(s), 0 left on base; Reading 18 - Penquannock 6
TOP OF THE 9TH
Reading Rainbows batting - Pitching for Penquannock Overrated Jeter : RHP Leonard Christensen
Pinch Hitting: RHB Ron King 0-0: Ball
1-0: Swinging Strike
1-1: Foul Ball, location: 2F
1-2: Strikes out looking
Batting: LHB Shane Lynch 0-0: Ball
1-0: TRIPLE (Line Drive, 8RS)
Pinch Hitting: RHB Jeff Townsley 0-0: Foul Ball, location: 2F
0-1: Ball
1-1: Ground out 6-3 (Groundball, 6)
Shane Lynch scores
Batting: SHB Dan Chandler 0-0: Called Strike
0-1: Ball
1-1: Ball
2-1: Ball
3-1: Base on Balls
Batting: SHB Johnny Jackson 0-0: Called Strike
0-1: Swinging Strike
0-2: Fielders Choice at 2nd, 4-6 (Groundball, 4)
Top of the 9th over - 1 run(s), 1 hit(s), 0 error(s), 0 left on base; Reading 19 - Penquannock 6
BOTTOM OF THE 9TH
Penquannock Overrated Jeter batting - Pitching for Reading Rainbows : LHP Pedro Rosado
Now at 1B: Hubert Brown
Now at 3B: Tim Davis
Batting: RHB Barton Frazier 0-0: Called Strike
0-1: Called Strike
0-2: Strikes out swinging
Batting: RHB Manny Perea 0-0: Called Strike
0-1: Ball
1-1: Ground out 1-3 (Groundball, P)
Batting: RHB Aaron Holt 0-0: Called Strike
0-1: Ball
1-1: Ground out 5-3 (Groundball, 56)
Bottom of the 9th over - 0 run(s), 0 hit(s), 0 error(s), 0 left on base; Reading 19 - Penquannock 6
Tuesday, August 8th, 2017 - OOTP Baseball 17.12 Build 75